 Dungeon Crawl Stone Soup version 0.27.0-1-g7a089689b8 (webtiles) character file.

Game seed: 16988999830930319470

100 inmateoo the Slasher (level 4, -1/28 HPs)
             Began as a Tengu Warper on Aug 5, 2021.
             Slain by an orc (6 damage)
             ... on level 3 of the Dungeon on Aug 6, 2021.
             The game lasted 00:02:00 (2460 turns).

inmateoo the Slasher (Tengu Warper)                 Turns: 2460, Time: 00:02:01

Health: -1/28      AC:  3    Str: 13    XL:     4   Next: 73%
Magic:  8/8        EV: 11    Int: 19    God:
Gold:   28         SH:  4    Dex: 13    Spells: 5/7 levels left

rFire    . . .     SeeInvis .   a - +0 falchion
rCold    . . .     Faith    .   g - +0 buckler
rNeg     . . .     Spirit   .   b - +0 leather armour
rPois    .         Reflect  .   (helmet restricted)
rElec    .         Harm     .   (no cloak)
rCorr    .         Rampage  .   (no gloves)
Will     .....                  (boots unavailable)
Stlth    +.........             (no amulet)
HPRegen  0.09/turn              e - +6 ring of intelligence
MPRegen  0.11/turn              (no ring)

@: no status effects
A: beak, talons 3
a: no special abilities


You were on level 3 of the Dungeon.
You visited 1 branch of the dungeon, and saw 3 of its levels.

You collected 108 gold pieces.
You spent 80 gold pieces at shops.

Inventory:

Hand Weapons
 a - a +0 falchion (weapon)
Missiles
 d - 5 boomerangs of dispersal (quivered)
Armour
 b - a +0 leather armour (worn)
 g - a +0 buckler (worn)
Jewellery
 e - a +6 ring of intelligence (left hand)
Scrolls
 c - a scroll of blinking
 k - 2 scrolls of teleportation
Potions
 f - a potion of degeneration {unknown}
 h - 3 potions of curing
 i - a potion of haste
 l - a potion of flight


   Skills:
 + Level 3.0 Fighting
 + Level 3.4 Long Blades
 - Level 1.0 Throwing
 + Level 2.0 Armour
 + Level 2.7 Dodging
 + Level 1.1 Shields
 - Level 2.0 Spellcasting
 - Level 2.4 Translocations


You had 5 spell levels left.
You knew the following spells:

 Your Spells              Type           Power      Damage    Failure   Level
a - Blink                 Tloc           N/A        N/A       19%         2

Your spell library contained the following spells:

 Spells                   Type           Power      Damage    Failure   Level
 Magic Dart               Conj           4%         1d3       30%         1
 Gell's Gravitas          Tloc           5%         N/A       34%         3
 Lesser Beckoning         Tloc           5%         N/A       34%         3
 Teleport Other           Tloc           11%        N/A       34%         3
 Call Imp                 Summ           1%         N/A       43%         2
 Conjure Flame            Conj/Fire      1%         6-21      67%         3
 Ignite Poison            Fire/Tmut/Pois 1%         N/A       67%         3
 Mephitic Cloud           Conj/Pois/Air  1%         N/A       67%         3
 Sticky Flame             Conj/Fire      1%         2d3       97%         4
 Manifold Assault         Tloc           11%        N/A       97%         5


Dungeon Overview and Level Annotations

Branches:
Dungeon (3/15)

Altars:

Shops:
D:2 (?:*


Innate Abilities, Weirdness & Mutations

You have a beak for a mouth.
You have claws for feet.


Message History

You start resting.
You start resting.
HP restored.
There is a stone staircase leading down here.
Things that are here:
a +4 dagger of venom; a +0 robe An orc comes into view.
It is wielding a +0 short sword.
An orc is nearby!
An orc comes into view. It is wielding a +0 whip.
The orc shouts!
You hear a shout!
There are monsters nearby!
An orc comes into view. It is wielding a +0 flail.
The orc hits you with a +0 short sword.
You hit the orc.
The orc is almost dead.
You block the orc's attack.
You closely miss the orc. Your kick misses the orc. Your peck misses the orc.
The orc is almost dead.
The orc hits you with a +0 short sword. The orc hits you with a +0 whip.
You barely miss the orc.
The orc is almost dead.
The orc hits you with a +0 short sword. The orc closely misses you.
The orc hits you with a +0 short sword.
You are too injured to fight recklessly!
You are too injured to fight recklessly!
You are too injured to fight recklessly!
You hit the orc.
The orc is heavily wounded.
The orc barely misses you.
You riposte.
You hit the orc.
The orc is almost dead.
You barely miss the orc. Your kick misses the orc. You peck the orc.
You kill the orc!
You hit the orc.
You kill the orc!
The orc hits you with a +0 flail.
* * * LOW HITPOINT WARNING * * *
You hit the orc. Your kick misses the orc.
The orc is heavily wounded.
The orc hits you with a +0 flail.
You die...

# #. #.##############
#.#...............
#######...........o.....
.....##..#.....o#######.
####.##...P♣♣.P)@###
.....##...♣♣♣P.♣...#
####..#..♣♣.P......#
#..#P♣♣P........#
####..#P♣♣P........#
....)....♣...)..>..#
####.#..P♣.........#
#.#....P........#
#.##..P####.....#


You could see an orc.

Vanquished Creatures
  Jessica (D:3)
  An adder (D:2)
  A worm (D:2)
  2 dart slugs (D:1)
  2 orcs (D:3)
  3 ball pythons (D:1)
  2 bats
  8 endoplasms
  2 giant cockroaches (D:1)
  4 goblins
  4 hobgoblins
  6 jackals (D:1)
  A kobold (D:1)
  4 quokkas
  2 frilled lizards
  4 rats
47 creatures vanquished.

Notes
Turn   | Place    | Note
-------+----------+-------------------------------------------
     0 | D:1      | inmateoo the Tengu Warper began the quest for the Orb.
     0 | D:1      | Reached XP level 1. HP: 12/12 MP: 4/4
   196 | D:1      | Reached XP level 2. HP: 7/18 MP: 6/6
   417 | D:1      | Learned a level 2 spell: Blink
   707 | D:1      | Reached XP level 3. HP: 14/22 MP: 7/7
   887 | D:1      | Found a faded altar of an unknown god.
  1456 | D:2      | Found Puigol's Magic Scroll Shop.
  1581 | D:2      | Found Arphol's Antique Weapon Shoppe.
  1846 | D:2      | Found Duascheo's Book Shoppe.
  1848 | D:2      | Found Tiopp's General Store.
  1853 | D:2      | Reached XP level 4. HP: 26/27 MP: 8/8
  1872 | D:2      | Bought a scroll of identify for 20 gold pieces
  1872 | D:2      | Bought a scroll of teleportation for 30 gold pieces
  1872 | D:2      | Bought a scroll of teleportation for 30 gold pieces
  2124 | D:3      | Noticed Jessica
  2130 | D:3      | Killed Jessica
  2131 | D:3      | Reached skill level 1 in Shields
  2138 | D:3      | HP: 1/28 [poisoned by Jessica]
  2460 | D:3      | Slain by an orc

Illustrated notes

Levels and vault maps discovered:
D:1:      minmay_arrival_plants_in_alcoves, layout_basic,
          ebering_ecumenical_altar_webs, wad_floor_pattern_2
D:2:      layout_rooms, serial_shops, nicolae_shop_stone, shop,
          nicolae_shop_temple_entry_statues_fountains, shop, minmay_octomino_e4
D:3:      layout_basic, serial_forest, infiniplex_forest_end_1,
          infiniplex_forest_lined_4_way, infiniplex_forest_side_room,
          infiniplex_forest_clump_tiny, infiniplex_forest_lined_2,
          infiniplex_forest_lined_2, infiniplex_forest_clump_C,
          infiniplex_forest_clump_curved, uniq_jessica

Skill      XL: |  1  2  3  4 |
---------------+-------------+-----
Long Blades    | 3 |  3.4
Fighting       | 3 |  3.0
Armour         | 2 |  2.0
Shields        | 1 |  1.1
Throwing       | |  1.0
Dodging        | |  2.7
Spellcasting   | |  2.0
Translocations | |  2.4

Action                   |  1- 3 |  4- 6 || total
-------------------------+-------+-------++-------
Melee: Falchion          |    81 |    22 ||   103
       Kick              |    15 |     3 ||    18
       Peck              |    13 |     5 ||    18
  Use: Scroll            |     2 |     3 ||     5
 Stab: Sleeping          |     1 |       ||     1
Armor: Leather armour    |    15 |     2 ||    17
Dodge: Dodged            |    43 |    10 ||    53
Block: Buckler           |     6 |     3 ||     9
       Rpst.: Falchion   |     8 |     3 ||    11
